 Dungeon Crawl Stone Soup version 0.31.0-9-g3a7656b989 (webtiles) character file.

Game seed: 1552645129504724601

60 qw the Shooter (level 3, -1/18 HPs)
             Began as a Spriggan Hunter on Feb 2, 2024.
             Was an Initiate of Okawaru.
             Succumbed to their own poison gas
             ... on level 3 of the Dungeon.
             The game lasted 00:00:06 (1932 turns).

qw the Shooter (Spriggan Hunter)                    Turns: 1932, Time: 00:00:06

Health: -1/18      AC:  2    Str: 13    XL:     3   Next: 80%
Magic:  4/4        EV: 19    Int: 10    God:    Okawaru [......]
Gold:   103        SH:  0    Dex: 20    Spells: 2/2 levels left

rFire   . . .        a - +1 shortbow
rCold   . . .        (shield currently unavailable)
rNeg    + . .        c - +0 robe
rPois   .            (helmet restricted)
rElec   .            (no cloak)
rCorr   .            (gloves unavailable)
SInv    +            (boots unavailable)
Will    .....        (no amulet)
Stlth   ++           d - +6 ring of strength
HPRegen 0.23/turn    h - ring of positive energy
MPRegen 0.09/turn

%: no passive effects
@: lethally poisoned (-1 -> -8), very quick
A: very small, no large weapons, unfitting armour, see invisible, speed 3
a: Renounce Religion


You were on level 3 of the Dungeon.
You worshipped Okawaru.
Okawaru was noncommittal.
You visited 1 branch of the dungeon, and saw 5 of its levels.

You collected 103 gold pieces.


Innate Abilities, Weirdness & Mutations

You are very small and have problems with some larger weapons.
You are too small for most types of armour.
You have supernaturally acute eyesight. (SInv)
You cover ground extremely quickly. (Speed+++)


   Skills:
 - Level 1.5 Fighting
 - Level 5.0 Ranged Weapons
 + Level 4.0 Dodging
 - Level 1.5 Stealth


You had 2 spell levels left.
You didn't know any spells.
Your spell library was empty.

Inventory:

Hand Weapons
 a - a +1 shortbow (weapon)
Armour
 c - a +0 robe (worn)
Jewellery
 d - a +6 ring of strength (left hand)
 h - a ring of positive energy (right hand)
Scrolls
 b - a scroll of teleportation
Potions
 e - a potion of might
 f - a potion of mutation {unknown}
 g - a potion of enlightenment {unknown}

Dungeon Overview and Level Annotations

Branches:
Dungeon (5/15)
 Temple: D:4-7

Altars:
Dithmenos
Okawaru

Annotations:
D:1 2 transporters


Message History

You kill the giant cockroach!
Okawaru accepts your kill.
Your Ranged Weapons skill increases to level 5!
j - a scroll labelled AFABUTA LENUO
There is a stone staircase leading up here.
Found 4 stones.
There is a stone staircase leading down here.
There is an escape hatch in the ceiling here.
You now have 90 gold pieces (gained 10).
You now have 103 gold pieces (gained 13).
Things that are here:
a +0 short sword; 2 stones; a kobold corpse
There is a stone staircase leading up here.
Found an escape hatch in the floor.
You see here an orb of mayhem.
Enter note: Done exploring.
1925 ||| READING scroll labelled COCRARCHOWO.
The air fills with toxic fumes!
As you read the scroll labelled COCRARCHOWO, it crumbles to dust.
It was a scroll of poison.
1926 ||| READING scroll labelled AFABUTA LENUO.
As you read the scroll labelled AFABUTA LENUO, it crumbles to dust.
It is a scroll of identify.
1926 ||| IDENTIFYING amethyst potion;
e - a potion of might
Enter note:
Enter note: You are engulfed in poison gas.
You are lethally poisoned!
You feel very sick.
1928 ||| Stepping ~*~*~tactically~*~*~ (cloud).
You feel sick.
There is a lethal amount of poison in your body!
You feel very sick.
There is a lethal amount of poison in your body!
You feel very sick.
There is a lethal amount of poison in your body!
You feel very sick.
There is a lethal amount of poison in your body!
You die...

..###...############
.## ##.%.##########
## ##..¤¤¤¤¤¤¤¤0# #
##.¤¤¤¤¤0¤¤¤# #
#.¤0¤¤¤¤¤¤¤# #
##¤¤¤¤¤¤¤¤¤# #
#¤¤¤0¤0¤¤¤# #
#¤¤00000¤¤# #
#¤¤¤¤00¤@0# #
#00¤¤¤0¤¤0# #
##¤###0#### #
#...#0.# # #...##.#
# #...##.# #
#>..#..# # #.....##
#..[###


There were no monsters in sight!

Vanquished Creatures
  A ribbon worm (D:2)
  2 dart slugs
  3 endoplasms
  2 giant cockroaches
  9 hobgoblins
  2 jackals (D:1)
  3 quokkas
  4 bats
  A frilled lizard (D:3)
  9 goblins
  6 kobolds
  3 rats
45 creatures vanquished.

Notes
Turn   | Place    | Note
-------+----------+-------------------------------------------
     0 | D:1      | qw the Spriggan Hunter began the quest for the Orb.
     0 | D:1      | Reached XP level 1. HP: 10/10 MP: 2/2
     0 | D:1      | 0 ||| qw: Version: 0.3-a-155-g5e7d8dd
     0 | D:1      | 0 ||| qw: Game counter: 2110
     0 | D:1      | 0 ||| qw: Melee chars always use a shield: true
     0 | D:1      | 0 ||| qw: God list: Okawaru
     0 | D:1      | 0 ||| qw: Allow faded altars: false
     0 | D:1      | 0 ||| qw: Do Orc after clearing Dungeon:15 true
     0 | D:1      | 0 ||| qw: Do second Lair branch before Depths: true
     0 | D:1      | 0 ||| qw: Lair rune preference: random
     0 | D:1      | 0 ||| qw: Goals: Normal
     0 | D:1      | 0 ||| PLANNING D:1-11
    17 | D:1      | Reached skill level 3 in Dodging
   130 | D:1      | Reached XP level 2. HP: 14/14 MP: 3/3
   798 | D:1      | 798 ||| UPGRADING to +6 ring of strength.
   799 | D:1      | 799 ||| UPGRADING to ring of positive energy.
   800 | D:1      | 800 ||| READING scroll labelled YTEUVI TY XAR.
   800 | D:1      | 800 ||| ENCHANTING +0 shortbow.
   801 | D:1      | 801 ||| DROPPING scroll of butterflies.
   852 | D:2      | Reached XP level 3. HP: 18/18 MP: 4/4
  1367 | D:2      | 1367 ||| READING scroll labelled BETRUOFU ESHRUA.
  1368 | D:2      | 1368 ||| READING scroll labelled AFUIVO XYUC.
  1429 | D:3      | Found an iron altar of Okawaru.
  1430 | D:3      | 1430 ||| PLANNING OKAWARU WORSHIP
  1430 | D:3      | 1430 ||| FLEEEEING.
  1444 | D:3      | 1444 ||| FLEEEEING.
  1445 | D:3      | 1445 ||| FLEEEEING.
  1447 | D:3      | 1447 ||| FLEEEEING.
  1457 | D:3      | 1457 ||| FLEEEEING.
  1466 | D:3      | 1466 ||| FLEEEEING.
  1493 | D:3      | Became a worshipper of Warmaster Okawaru
  1494 | D:3      | 1494 ||| PLANNING D:1-11
  1518 | D:3      | You fall into a shaft and drop 2 floors!
  1518 | D:5      | Entered Level 5 of the Dungeon
  1557 | D:4      | 1557 ||| FLEEEEING.
  1655 | D:3      | Found a shadowy altar of Dithmenos.
  1719 | D:3      | Reached skill level 5 in Ranged Weapons
  1925 | D:3      | 1925 ||| READING scroll labelled COCRARCHOWO.
  1926 | D:3      | 1926 ||| READING scroll labelled AFABUTA LENUO.
  1926 | D:3      | 1926 ||| IDENTIFYING amethyst potion
  1928 | D:3      | 1928 ||| Stepping ~*~*~tactically~*~*~ (cloud).
  1930 | D:3      | HP: 3/18 [poisoned by you (poison gas)]
  1931 | D:3      | HP: 1/18 [poisoned by you (poison gas)]
  1932 | D:3      | Succumbed to their own poison gas

Levels and vault maps discovered:
D:1:      spicycebolla_arrival_transporter_tutorial, layout_loops_corners
D:2:      kennysheep_the_goblin_king, layout_rooms, minmay_gold_behind_fungi
D:3:      layout_rooms, kennysheep_okawaru_gauntlet,
          grunt_dithmenos_smoke_and_mirrors, amcnicky_mini_pool_small,
          grunt_decor_one_mirror
D:4:      layout_basic
D:5:      layout_loops_corners, grunt_decor_clamped, hangedman_decor_lopped

Skill      XL: |  1  2  3 |
---------------+----------+-----
Dodging        | 3 4 |  4.0
Ranged Weapons | 5 |  5.0
Fighting       | |  1.5
Stealth        | |  1.5

Action                     || total
---------------------------++-------
   Fire: Shortbow          ||   109
    Use: Scroll            ||     5
 Armour: Robe              ||     6
  Dodge: Dodged            ||    17

Table legend:
 A = Non-vault XP
 B = Vault XP
 C = Vault XP percentage of total XP
 D = Non-vault monster count
 E = Vault monster count
 F = Vault count percentage of total count
                 A         B        C        D         E       F
            +---------+---------+-------+---------+---------+-------
      Total |      82 |       4 |   4.7 |      43 |       2 |   4.4
            +---------+---------+-------+---------+---------+-------
        D:1 |      35 |       0 |   0.0 |      19 |       0 |   0.0
        D:2 |      34 |       0 |   0.0 |      15 |       0 |   0.0
        D:3 |      13 |       4 |  23.5 |       9 |       2 |  18.2
            +---------+---------+-------+---------+---------+-------
